 Dungeon Crawl Stone Soup version 0.31-a0-819-gf6de2f5ab6 (webtiles) character file.

Game seed: 16779666394455459201

83 qw the Shooter (level 4, -5/28 HPs)
             Began as a Gargoyle Hunter on Sept 23, 2023.
             Slain by Grinder (7 damage)
             ... while paralysed by Grinder
             ... on level 3 of the Dungeon.
             The game lasted 00:00:44 (1275 turns).

qw the Shooter (Gargoyle Hunter)                    Turns: 1275, Time: 00:00:45

Health: -5/28      AC:  8    Str: 13    XL:     4   Next: 44%
Magic:  4/4        EV:  2    Int:  9    God:
Gold:   58         SH:  0    Dex: 15    Spells: 3/3 levels left

rFire   . . .        Y - +0 shortbow
rCold   . . .        (shield currently unavailable)
rNeg    + . .        g - +0 ring mail
rPois   inf          (no helmet)
rElec   +            (no cloak)
rCorr   .            (no gloves)
SInv    +            (no boots)
Will    .....        (no amulet)
Stlth   +            (no ring)
HPRegen 0.24/turn    (no ring)
MPRegen 0.09/turn

%: no passive effects
@: paralysed, about to teleport
A: sickness immunity, AC +3, negative energy resistance 1, electricity
resistance, torment resistance 1, petrification resistance, see invisible, weak
1
a: no special abilities


You were on level 3 of the Dungeon.
You visited 1 branch of the dungeon, and saw 3 of its levels.

You collected 58 gold pieces.


Innate Abilities, Weirdness & Mutations

You are immune to sickness and miasma.
Your stone body is resilient. (AC +3)
You are immune to poison.
You resist negative energy. (rN+)
You are resistant to electric shocks. (rElec)
You are resistant to unholy torment.
You are immune to petrification.
You have supernaturally acute eyesight. (SInv)
You are weak. (Str -2)


   Skills:
 - Level 3.1 Fighting
 + Level 5.2 Ranged Weapons
 - Level 1.0 Armour
 - Level 1.5 Dodging
 - Level 1.1 Stealth


You had 3 spell levels left.
You didn't know any spells.
Your spell library was empty.

Inventory:

Hand Weapons
 Y - a +0 shortbow (weapon)
Armour
 g - a +0 ring mail (worn)
Scrolls
 e - a scroll of identify
Potions
 d - a potion of haste {unknown}

Dungeon Overview and Level Annotations

Branches:
Dungeon (3/15)

Altars:

Annotations:
D:3 Grinder


Message History

1251 ||| FLEEEEING.
1252 ||| FLEEEEING.
1253 ||| STILL FLEEEEING.
1254 ||| STILL FLEEEEING.
1255 ||| STILL FLEEEEING.
1256 ||| STILL FLEEEEING.
1257 ||| STILL FLEEEEING.
1258 ||| STILL FLEEEEING.
1259 ||| STILL FLEEEEING.
1260 ||| STILL FLEEEEING.
1261 ||| STILL FLEEEEING.
You start resting.
Grinder is nearby!
You shoot an arrow. The arrow closely misses Grinder.
Grinder gestures at you. Pain shoots through your body!
You shoot an arrow. The arrow barely misses Grinder.
Grinder hits you!
You writhe in agony.
You shoot an arrow. The arrow hits Grinder!
Grinder is moderately wounded.
Grinder hits you.
You writhe in agony.
You shoot an arrow.
The arrow hits Grinder but does no damage.
Grinder is moderately wounded.
Grinder closely misses you.
You shoot an arrow. The arrow hits Grinder.
Grinder is heavily wounded.
Grinder closely misses you. Grinder hits you!
You writhe in agony.
1272 ||| READING scroll of teleportation.
As you read the scroll of teleportation, it crumbles to dust.
You feel strangely unstable. Grinder barely misses you.
You shoot an arrow. The arrow barely misses Grinder.
Grinder says, "I used to sell toenails on the black market."
Grinder gestures at you.
You suddenly lose the ability to move!
Grinder hits you but does no damage. Grinder hits you!
You die...
Grinder says, "Now the real fun starts!"

# #.# # #.##.##.#
#.......# ####.####
###### .. ####.####
..... .# #.......#
.... .## #.##.##.# ...
.5 # #.##.# .. .# ..
#.##@# .#.##....
#.##5#### #........
#.......# ##.##
#.......##.####8.8####
####.#####.#.........#
#....##.#.##8.8##.# #
#.......##.## ..
####.#####... .. ...#
##### .


You could see Grinder.

Vanquished Creatures
  A gnoll (D:1)
  An adder (D:2)
  A worm (D:2)
  2 dart slugs
  8 bats
  5 endoplasms
  3 giant cockroaches
  4 goblins
  5 hobgoblins
  2 jackals (D:2)
  7 kobolds
  2 quokkas
  5 ball pythons
  A frilled lizard (D:1)
  6 rats
53 creatures vanquished.

Notes
Turn   | Place    | Note
-------+----------+-------------------------------------------
     0 | D:1      | qw the Gargoyle Hunter began the quest for the Orb.
     0 | D:1      | Reached XP level 1. HP: 12/12 MP: 1/1
     0 | D:1      | 0 ||| qw: Version: 0.3-a-83-gcd0e7d8
     0 | D:1      | 0 ||| qw: Game counter: 1755
     0 | D:1      | 0 ||| qw: Melee chars always use a shield: true
     0 | D:1      | 0 ||| qw: God list: Okawaru
     0 | D:1      | 0 ||| qw: Allow faded altars: false
     0 | D:1      | 0 ||| qw: Do Orc after clearing Dungeon:15 true
     0 | D:1      | 0 ||| qw: Do second Lair branch before Depths: true
     0 | D:1      | 0 ||| qw: Lair rune preference: random
     0 | D:1      | 0 ||| qw: Goals: Normal
     0 | D:1      | 0 ||| PLANNING D:1-11
    52 | D:1      | Reached XP level 2. HP: 17/17 MP: 2/2
    54 | D:1      | Found a faded altar of an unknown god.
   250 | D:1      | Reached XP level 3. HP: 21/21 MP: 3/3
   382 | D:1      | Reached skill level 5 in Ranged Weapons
   672 | D:1      | 672 ||| UPGRADING to +0 ring mail.
   682 | D:1      | 682 ||| DROPPING +0 leather armour.
   683 | D:1      | 683 ||| READING 2 scrolls labelled SEJEOV CO HEOMAUF.
   686 | D:1      | 686 ||| READING scroll labelled QOOFIA NITAN.
   687 | D:1      | 687 ||| READING scroll labelled GUJARU REE.
   688 | D:1      | 688 ||| DRINKING 2 glowing pink potions.
   688 | D:1      | Gained mutation: You are agile. (Dex +4, Str/Int -1)
                  | [potion of mutation]
   688 | D:1      | Gained mutation: You occasionally lose the ability to read
                  | scrolls when taking damage. [potion of mutation]
   688 | D:1      | Gained mutation: You have large cloven feet. [potion of
                  | mutation]
   689 | D:1      | 689 ||| DRINKING potion of mutation.
   689 | D:1      | Lost mutation: You have large cloven feet. [potion of
                  | mutation]
   689 | D:1      | Lost mutation: You occasionally lose the ability to read
                  | scrolls when taking damage. [potion of mutation]
   689 | D:1      | Lost mutation: You are agile. (Dex +4, Str/Int -1) [potion
                  | of mutation]
   689 | D:1      | Gained mutation: You are weak. (Str -2) [potion of
                  | mutation]
   689 | D:1      | Gained mutation: You have supernaturally acute eyesight.
                  | (SInv) [potion of mutation]
   690 | D:1      | 690 ||| DROPPING scroll of butterflies.
   749 | D:2      | Identified the +6 spear of Recklessness {freeze, rN+}
   777 | D:2      | Reached skill level 1 in Armour
   824 | D:2      | Reached XP level 4. HP: 27/27 MP: 4/4
   990 | D:2      | Reached skill level 3 in Fighting
  1179 | D:2      | 1179 ||| READING scroll labelled NOIC VUNUTIQ.
  1180 | D:2      | 1180 ||| READING scroll labelled BUCSEX QOHO.
  1181 | D:2      | 1181 ||| READING scroll labelled WINAS SENUNOS.
  1226 | D:3      | Noticed Grinder
  1231 | D:3      | Paralysed by Grinder for 2 turns
  1237 | D:3      | Paralysed by Grinder for 4 turns
  1244 | D:3      | Paralysed by Grinder for 2 turns
  1249 | D:3      | 1249 ||| FLEEEEING.
  1250 | D:3      | 1250 ||| FLEEEEING.
  1251 | D:3      | 1251 ||| FLEEEEING.
  1252 | D:3      | 1252 ||| FLEEEEING.
  1271 | D:3      | HP: 3/28 [Grinder (7)]
  1271 | D:3      | HP: 1/28 [Grinder (2)]
  1272 | D:3      | 1272 ||| READING scroll of teleportation.
  1273 | D:3      | Paralysed by Grinder for 3 turns
  1275 | D:3      | Slain by Grinder

Levels and vault maps discovered:
D:1:      dpeg_arrival_boxes_within_box, layout_loops_ring,
          hellmonk_ecumenical_altar_slurped_away, minmay_misc_feat_enclosed,
          st_stairs_14
D:2:      layout_rooms
D:3:      layout_loops_cross, slow_altar_1, grunt_ashenzari_visionary
          [grunt_ashenzari_visionary_swamp, grunt_ashenzari_visionary_spider],
          serial_shops, shop, small_statue_intersection, nicolae_wormholes,
          uniq_grinder, uniq_sigmund, uniq_terence

Skill      XL: |  1  2  3  4 |
---------------+-------------+-----
Ranged Weapons | 5 |  5.2
Armour         | 1 |  1.0
Fighting       | 3 |  3.1
Dodging        | |  1.5
Stealth        | |  1.1

Action                     |  1- 3 |  4- 6 || total
---------------------------+-------+-------++-------
   Fire: Shortbow          |   118 |    62 ||   180
    Use: Scroll            |     3 |     4 ||     7
         Potion            |     2 |       ||     2
 Armour: Leather armour    |    19 |       ||    19
         Ring mail         |    10 |    27 ||    37
  Dodge: Dodged            |    43 |     9 ||    52

Table legend:
 A = Non-vault XP
 B = Vault XP
 C = Vault XP percentage of total XP
 D = Non-vault monster count
 E = Vault monster count
 F = Vault count percentage of total count
                 A         B        C        D         E       F
            +---------+---------+-------+---------+---------+-------
      Total |     115 |       4 |   3.4 |      51 |       2 |   3.8
            +---------+---------+-------+---------+---------+-------
        D:1 |      58 |       4 |   6.5 |      27 |       2 |   6.9
        D:2 |      57 |       0 |   0.0 |      24 |       0 |   0.0
            +---------+---------+-------+---------+---------+-------
